Map: Cyber Forest LE

Players

Serral

  • Race: Zerg Zerg
  • Spawn Location: 5:00

Lambo - Winner!

  • Race: Zerg Zerg
  • Spawn Location: 11:00

Event: 2019 WCS Spring

VOD

Have the link to the VOD?

Description

Time

  • Played on: May 18, 2019, 1:59 p.m.
  • Length: 7:47

All games in this series

Show
View Real Time Build Order
Export as new Build Order

Serral Zerg 

Build Orders: Hatch First, Roach Nydus 

Get SALT Encoding   

  12  0:00  Drone  
  13  0:12  Overlord  
  13  0:16  Drone  
  14  0:30  Drone  
  14  0:31  Drone  
  16  0:48  Hatchery  
  15  0:51  Drone  
  15  0:54  Drone  
  17  1:09  Spawning Pool  
  17  1:10  Extractor  
  15  1:13  Drone  
  15  1:16  Drone  
  17  1:20  Drone  
  18  1:28  Drone  
  19  1:38  Drone  
  20  1:49  Overlord  
  20  1:55  Queen  
  20  2:01  Queen  
  22  2:02  Drone x2  
  26  2:11  Drone x2  
  28  2:23  Drone x2  
  30  2:32  Overlord  
  30  2:33  Drone  
  30  2:36  Queen  
  31  2:43  Evolution Chamber, Lair  
  31  2:44  Drone  
  33  2:46  Drone  
  34  2:53  Drone  
  34  2:54  Zergling x2  
  36  2:58  Roach Warren  
  36  3:02  Drone  
  36  3:03  Drone  
  36  3:05  Drone  
  38  3:06  Drone  
  38  3:09  Drone  
  40  3:14  Zerg Missile Weapons Level 1  
  40  3:16  Drone  
  40  3:19  Overlord  
  41  3:22  Drone  
  41  3:24  Drone  
  41  3:26  Extractor  
  42  3:27  Drone  
  42  3:29  Extractor, Drone  
  42  3:33  Drone  
  44  3:39  Glial Reconstitution  
  43  3:41  Drone x3  
  43  3:46  Drone x3  
  49  3:50  Overlord  
  49  3:53  Overseer  
  49  3:55  Overlord  
  49  4:09  Roach  
  51  4:10  Hatchery  
  51  4:11  Roach  
  51  4:16  Roach  
  51  4:17  Roach  
  56  4:22  Roach x2  
  60  4:27  Roach x2  
  64  4:37  Nydus Network  
  63  4:39  Overlord x2  
  63  4:44  Queen  
  65  4:48  Queen  
  67  4:57  Roach, Overlord  
  67  4:58  Roach x2  
  73  5:01  Roach  
  73  5:05  Spore Crawler  
  74  5:08  Roach  
  76  5:14  Nydus Canal  
  76  5:15  Roach x3  
  82  5:23  Spore Crawler  
  82  5:24  Roach x2  
  82  5:26  Overseer  
  85  5:32  Overlord x2  
  83  5:50  Queen x3  
  83  5:53  Nydus Canal  
  89  6:00  Drone x7  
  96  6:09  Nydus Canal  
  96  6:13  Drone x2, Spore Crawler  
  95  6:22  Drone x3  
  98  6:32  Overlord x3  
  96  6:43  Queen x3  
  96  6:48  Spore Crawler  
  96  6:49  Drone x3  
  96  6:51  Drone x2  
  100  6:57  Spore Crawler  
  97  7:01  Roach  
  97  7:02  Roach x4  
  97  7:05  Spore Crawler  
  97  7:07  Roach  
  97  7:08  Nydus Canal  
  105  7:09  Roach  
  113  7:25  Overlord  
  113  7:26  Overlord  
Show
View Real Time Build Order
Export as new Build Order

Lambo Zerg - Winner!

Build Orders: Hatch First 

Get SALT Encoding   

  12  0:01  Drone  
  13  0:13  Overlord  
  13  0:18  Drone  
  14  0:31  Drone x2  
  16  0:48  Hatchery  
  15  0:52  Drone  
  15  0:56  Drone  
  17  0:59  Drone  
  18  1:10  Extractor  
  17  1:14  Spawning Pool  
  17  1:18  Drone  
  17  1:21  Drone  
  18  1:29  Drone  
  19  1:40  Drone  
  20  1:50  Drone  
  21  2:00  Queen  
  23  2:01  Drone x2  
  25  2:10  Lair  
  25  2:12  Overlord  
  25  2:13  Drone  
  26  2:22  Drone  
  27  2:25  Drone  
  27  2:26  Extractor  
  27  2:33  Drone  
  27  2:35  Drone  
  27  2:36  Queen  
  31  2:42  Evolution Chamber  
  31  2:43  Drone  
  31  2:44  Drone  
  32  2:55  Drone  
  32  2:57  Overlord  
  33  3:05  Drone x2  
  35  3:08  Extractor  
  35  3:10  Extractor, Spire  
  35  3:11  Drone x3  
  35  3:16  Drone  
  36  3:23  Drone, Roach Warren  
  37  3:27  Drone  
  37  3:33  Drone  
  38  3:38  Drone  
  39  3:46  Drone x2, Overlord  
  41  3:58  Overlord  
  41  4:13  Drone  
  42  4:21  Mutalisk x6  
  54  4:29  Hatchery  
  53  4:33  Mutalisk  
  53  4:35  Drone  
  56  4:39  Mutalisk  
  56  4:44  Overlord  
  58  4:47  Mutalisk  
  60  4:59  Overlord  
  60  5:00  Zerg Flyer Weapons Level 1  
  60  5:04  Mutalisk  
  62  5:09  Drone x2  
  62  5:10  Overlord  
  64  5:16  Spine Crawler, Mutalisk  
  65  5:23  Mutalisk  
  68  5:30  Spine Crawler  
  68  5:31  Mutalisk  
  68  5:32  Spine Crawler  
  68  5:36  Spine Crawler  
  68  5:39  Mutalisk  
  69  5:46  Spine Crawler  
  69  5:49  Overlord, Mutalisk  
  68  5:54  Spine Crawler  
  69  5:59  Mutalisk  
  69  6:02  Drone, Overlord  
  72  6:06  Mutalisk  
  74  6:18  Spine Crawler x2, Mutalisk  
  72  6:25  Mutalisk  
  74  6:40  Mutalisk  
  74  6:47  Mutalisk  
  74  6:49  Drone x5  
  81  6:55  Mutalisk  
  83  7:03  Mutalisk  
  83  7:05  Evolution Chamber  
  84  7:13  Mutalisk  
  86  7:21  Mutalisk  
  86  7:22  Drone x3  
  91  7:32  Drone x2  
Tags
 
Add a new tag
Caveats
  • Supply blocks, unpowered buildings, or Contaminate may cause inaccurate times.
  • Supply counts are checked every 10 seconds.